General information
			
			
        
        - name: BNet
 
        - type: Ladder team game (AT/RT)
 
        - host: Battle.net
 
        - saver: TIMG4STRok
 
        
map: BloodstoneMesa 
        - players: 6
 
        - length: 21:43
 
        - speed: Fast
 - version: 1.22 W3XP
 - replay type:  

 
» download(164 KB)
Players
        team 1 (winner) 
              
              
BirdmanDoes4s (
purple | 102 APM | 2224 actions | 21:42)
              
 5 Death Knight 
 3 Death Coil
 2 Unholy Aura
 4 Lich 
 2 Frost Nova
 2 Dark Ritual
 4 Dreadlord 
 2 Sleep
 2 Carrion Swarm
 
                » actions 
                
                | Assign group hotkey | 16 |  | 
| Basic commands | 199 |  | 
| Build / train | 44 |  | 
| ESC pressed | 1 |  | 
| Enter build submenu | 14 |  | 
| Enter hero's abilities submenu | 15 |  | 
| Give item / drop item | 4 |  | 
| Right click | 1007 |  | 
| Select / deselect | 422 |  | 
| Select group hotkey | 411 |  | 
| Use ability | 90 |  | 
                2224 total
 » units 
                
                | Acolyte | 2 |  | 
| Ghoul | 3 |  | 
| Crypt Fiend | 6 |  | 
| Frost Wyrm | 1 |  | 
                12 total
 » upgrades
                
                | Burrow | 1 |  | 
| Web | 1 |  | 
| Creature Carapace | 1 |  | 
                3 total
 » buildings
                
                | Crypt | 1 |  | 
| Graveyard | 1 |  | 
| Altar of Darkness | 1 |  | 
| Ziggurat | 6 |  | 
| Tomb of Relics | 1 |  | 
| Nerubian Tower | 1 |  | 
| Halls of the Dead | 1 |  | 
| Black Citadel | 1 |  | 
| Sacrificial Pit | 1 |  | 
| Boneyard | 2 |  | 
| Spirit Tower | 2 |  | 
                18 total
 » build order
                00:06 Crypt
00:10 Graveyard
00:32 Altar of Darkness
00:49 Ziggurat
01:16 Tomb of Relics
01:52 Ziggurat
03:20 Nerubian Tower
04:31 Halls of the Dead
04:50 Ziggurat
06:27 Ziggurat
07:05 Black Citadel
08:23 Sacrificial Pit
09:49 Boneyard
10:21 Boneyard
10:42 Ziggurat
10:55 Ziggurat
11:47 Spirit Tower
11:54 Spirit Tower
» items
                
                | Rod of Necromancy | 1 |  | 
| Dust of Appearance | 1 |  | 
| Potion of Mana | 2 |  | 
| Scroll of Town Portal | 1 |  | 
| Orb of Corruption | 1 |  | 
| Lesser Clarity Potion | 1 |  | 
| Potion of Healing | 1 |  | 
                8 total
  
               
              
              
ripGOSU4SALE (
orange | 72 APM | 1555 actions | 21:42)
              
 5 Keeper of the Grove 
 2 Entangling Roots
 3 Force of Nature
 
                » actions 
                
                | Assign group hotkey | 52 |  | 
| Basic commands | 21 |  | 
| Build / train | 47 |  | 
| Enter build submenu | 13 |  | 
| Enter hero's abilities submenu | 5 |  | 
| Remove unit from queue | 1 |  | 
| Right click | 674 |  | 
| Select / deselect | 235 |  | 
| Select group hotkey | 471 |  | 
| Use ability | 36 |  | 
                1555 total
 » units 
                
                | Wisp | 11 |  | 
| Huntress | 11 |  | 
| Archer | 6 |  | 
| Dryad | 6 |  | 
                34 total
 » upgrades
                
                | Moon Armor | 1 |  | 
| Strength of the Moon | 1 |  | 
| Abolish Magic | 1 |  | 
                3 total
 » buildings
                
                | Altar of Elders | 1 |  | 
| Moon Well | 7 |  | 
| Ancient of War | 2 |  | 
| Hunter's Hall | 1 |  | 
| Tree of Ages | 1 |  | 
| Ancient of Lore | 2 |  | 
                14 total
 » build order
                00:19 Altar of Elders
00:32 Moon Well
01:52 Ancient of War
01:56 Hunter's Hall
02:09 Ancient of War
02:52 Moon Well
02:58 Moon Well
06:20 Moon Well
12:46 Tree of Ages
13:08 Moon Well
13:10 Moon Well
16:23 Ancient of Lore
16:24 Ancient of Lore
17:46 Moon Well
» items
                
                | Scroll of Town Portal | 1 |  | 
| Potion of Healing | 1 |  | 
                2 total
  
               
              
              
» 
TIMG4STRok (
blue | 146 APM | 3174 actions | 21:43)
              
 5 Archmage 
 3 Summon Water Elemental
 2 Brilliance Aura
 4 Mountain King 
 2 Storm Bolt
 2 Bash
 
                » actions 
                
                | Assign group hotkey | 30 |  | 
| Basic commands | 78 |  | 
| Build / train | 81 |  | 
| Enter build submenu | 32 |  | 
| Enter hero's abilities submenu | 9 |  | 
| Right click | 1344 |  | 
| Select / deselect | 310 |  | 
| Select group hotkey | 1212 |  | 
| Use ability | 78 |  | 
                3174 total
 » units 
                
                | Peasant | 15 |  | 
| Footman | 7 |  | 
| Sorceress | 2 |  | 
| Gryphon Rider | 8 |  | 
| Dragonhawk Rider | 1 |  | 
| Flying Machine | 13 |  | 
                46 total
 » upgrades
                
                | Masonry | 3 |  | 
| Lumber Harvesting | 1 |  | 
| Defend | 1 |  | 
| Sorceress Training | 1 |  | 
| Animal War Training | 1 |  | 
| Swords | 1 |  | 
| Armor | 2 |  | 
| Storm Hammers | 1 |  | 
| Flak Cannons | 1 |  | 
| Gunpowder | 1 |  | 
| Flying Machine Bombs | 1 |  | 
| Plating | 1 |  | 
                15 total
 » buildings
                
                | Altar of Kings | 1 |  | 
| Barracks | 1 |  | 
| Farm | 13 |  | 
| Scout Tower | 8 |  | 
| Arcane Tower | 1 |  | 
| Town Hall | 1 |  | 
| Arcane Vault | 1 |  | 
| Lumber Mill | 1 |  | 
| Keep | 1 |  | 
| Guard Tower | 3 |  | 
| Castle | 1 |  | 
| Arcane Sanctum | 1 |  | 
| Gryphon Aviary | 3 |  | 
| Blacksmith | 1 |  | 
| Workshop | 1 |  | 
                38 total
 » build order
                00:06 Altar of Kings
00:11 Barracks
00:27 Farm
01:07 Farm
01:34 Farm
02:06 Scout Tower
02:41 Arcane Tower
02:52 Farm
03:55 Town Hall
03:57 Arcane Vault
04:03 Scout Tower
04:04 Scout Tower
04:05 Scout Tower
04:59 Lumber Mill
05:03 Scout Tower
05:21 Farm
06:20 Keep
06:23 Guard Tower
06:31 Guard Tower
07:42 Farm
07:56 Scout Tower
07:57 Scout Tower
07:58 Scout Tower
08:39 Guard Tower
08:42 Castle
08:46 Arcane Sanctum
08:59 Farm
09:12 Gryphon Aviary
10:08 Gryphon Aviary
10:45 Blacksmith
11:20 Gryphon Aviary
12:56 Farm
12:56 Farm
13:43 Farm
13:43 Farm
13:45 Farm
14:43 Farm
14:44 Workshop
» items
                 
               team 2 (loser) 
              
              
KoreaKoreaKorea (
pink | 32 APM | 679 actions | 21:32)
              
 4 Priestess of the Moon 
 2 Searing Arrows
 2 Trueshot Aura
 
                » actions 
                
                | Assign group hotkey | 4 |  | 
| Basic commands | 5 |  | 
| Build / train | 32 |  | 
| Enter build submenu | 12 |  | 
| Enter hero's abilities submenu | 4 |  | 
| Remove unit from queue | 2 |  | 
| Right click | 376 |  | 
| Select / deselect | 180 |  | 
| Select group hotkey | 12 |  | 
| Use ability | 52 |  | 
                679 total
 » units 
                » buildings
                
                | Altar of Elders | 1 |  | 
| Moon Well | 6 |  | 
| Ancient of Wonders | 1 |  | 
| Hunter's Hall | 1 |  | 
| Tree of Life | 1 |  | 
| Tree of Ages | 1 |  | 
                11 total
 » build order
                00:07 Altar of Elders
00:14 Moon Well
04:51 Ancient of Wonders
06:34 Moon Well
08:10 Moon Well
08:43 Moon Well
09:05 Moon Well
09:16 Moon Well
09:22 Hunter's Hall
12:25 Tree of Life
17:59 Tree of Ages
» items
                
                | Lesser Clarity Potion | 1 |  | 
| Scroll of Speed | 1 |  | 
| Dust of Appearance | 1 |  | 
| Orb of Corruption | 1 |  | 
| Scroll of Healing | 1 |  | 
| Potion of Healing | 1 |  | 
| Scroll of Town Portal | 1 |  | 
                7 total
  
               
              
              
N.W.A_ (
yellow | 65 APM | 1415 actions | 21:41)
              
 4 Tauren Chieftain 
 2 Endurance Aura
 2 War Stomp
 
                » actions 
                
                | Basic commands | 9 |  | 
| Build / train | 47 |  | 
| Enter build submenu | 18 |  | 
| Enter hero's abilities submenu | 4 |  | 
| Remove unit from queue | 7 |  | 
| Right click | 741 |  | 
| Select / deselect | 547 |  | 
| Use ability | 42 |  | 
                1415 total
 » units 
                
                | Peon | 7 |  | 
| Grunt | 13 |  | 
| Tauren | 2 |  | 
| Shaman | 2 |  | 
| Troll Batrider | 4 |  | 
                28 total
 » upgrades
                
                | Witch Doctor Training | 0 |  | 
| Shaman Training | 2 |  | 
| Pulverize | 1 |  | 
                3 total
 » buildings
                
                | Altar of Storms | 1 |  | 
| Orc Burrow | 8 |  | 
| Barracks | 1 |  | 
| Voodoo Lounge | 1 |  | 
| Stronghold | 1 |  | 
| War Mill | 1 |  | 
| Spirit Lodge | 2 |  | 
| Fortress | 1 |  | 
| Tauren Totem | 2 |  | 
| Beastiary | 2 |  | 
                20 total
 » build order
                00:08 Altar of Storms
00:20 Orc Burrow
00:35 Barracks
01:31 Orc Burrow
02:18 Voodoo Lounge
03:11 Stronghold
03:53 War Mill
05:01 Orc Burrow
07:05 Spirit Lodge
07:29 Fortress
09:41 Orc Burrow
10:14 Orc Burrow
10:21 Tauren Totem
10:26 Tauren Totem
10:30 Spirit Lodge
10:54 Orc Burrow
11:17 Orc Burrow
12:49 Beastiary
12:53 Beastiary
14:01 Orc Burrow
» items
                
                | Scroll of Speed | 1 |  | 
| Healing Salve | 1 |  | 
                2 total
  
               
              
              
S1ick82 (
teal | 123 APM | 2651 actions | 21:34)
              
 5 Death Knight 
 3 Death Coil
 2 Unholy Aura
 4 Lich 
 2 Frost Nova
 2 Dark Ritual
 
                » actions 
                
                | Assign group hotkey | 56 |  | 
| Basic commands | 248 |  | 
| Build / train | 98 |  | 
| Enter build submenu | 24 |  | 
| Enter hero's abilities submenu | 9 |  | 
| Give item / drop item | 2 |  | 
| Remove unit from queue | 2 |  | 
| Right click | 721 |  | 
| Select / deselect | 422 |  | 
| Select group hotkey | 937 |  | 
| Use ability | 132 |  | 
                2651 total
 » units 
                
                | Acolyte | 2 |  | 
| Ghoul | 5 |  | 
| Crypt Fiend | 11 |  | 
| Obsidian Statue | 7 |  | 
| Abomination | 1 |  | 
| Gargoyle | 15 |  | 
| Frost Wyrm | 8 |  | 
                49 total
 » upgrades
                
                | Creature Attack | 3 |  | 
| Creature Carapace | 3 |  | 
| Web | 1 |  | 
| Burrow | 1 |  | 
| Destroyer Form | 1 |  | 
| Disease Cloud | 1 |  | 
| Freezing Breath | 1 |  | 
| Unholy Strength | 1 |  | 
| Unholy Armor | 1 |  | 
                13 total
 » buildings
                
                | Crypt | 1 |  | 
| Graveyard | 1 |  | 
| Ziggurat | 10 |  | 
| Altar of Darkness | 1 |  | 
| Tomb of Relics | 1 |  | 
| Halls of the Dead | 5 |  | 
| Black Citadel | 4 |  | 
| Slaughterhouse | 3 |  | 
| Sacrificial Pit | 1 |  | 
| Boneyard | 1 |  | 
                28 total
 » build order
                00:11 Crypt
00:20 Graveyard
00:31 Ziggurat
00:36 Altar of Darkness
00:51 Ziggurat
01:11 Tomb of Relics
01:54 Halls of the Dead
01:55 Halls of the Dead
01:55 Halls of the Dead
02:24 Ziggurat
03:32 Ziggurat
04:21 Black Citadel
04:21 Black Citadel
04:22 Black Citadel
04:47 Slaughterhouse
04:48 Slaughterhouse
05:26 Slaughterhouse
06:21 Ziggurat
06:24 Sacrificial Pit
06:28 Ziggurat
07:20 Ziggurat
08:15 Boneyard
10:14 Ziggurat
10:19 Ziggurat
13:42 Ziggurat
» items
                
                | Rod of Necromancy | 1 |  | 
| Dust of Appearance | 1 |  | 
| Sacrificial Skull | 1 |  | 
| Scroll of Town Portal | 3 |  | 
| Orb of Corruption | 1 |  | 
| Potion of Healing | 3 |  | 
| Scroll of Speed | 1 |  | 
                11 total
  
                Chat log
          
(01:31 / All) BirdmanDoes4s: [b]]][]1
(01:45 / All) BirdmanDoes4s: '',,,,''
(01:52 / All) N.W.A_: -_-
(01:55 / All) BirdmanDoes4s: ;;;;;;;
(03:17 / All) KoreaKoreaKorea: nice hacks
(03:18 / All) KoreaKoreaKorea: Lolz
(05:15 / All) N.W.A_: nice hacks
(05:17 / All) TIMG4STRok: ?
(05:35 / All) BirdmanDoes4s: all i see is a noob gettin raped
(05:43 / All) KoreaKoreaKorea: stfu hacker
(06:26 / All) N.W.A_: nice hacks where do you get them?
(06:31 / All) BirdmanDoes4s: your moms vag
(06:34 / All) TIMG4STRok: htto://highper.ch
(06:43 / All) TIMG4STRok: http rather.....
(09:22 / All) BirdmanDoes4s: leave
(21:11 / All) BirdmanDoes4s: Damn